 Dungeon Crawl Stone Soup version 0.22.1-2-g9c5b331 (webtiles) character file.

58 mimixer the Chopper (level 3, 0/30 HPs)
             Began as a Minotaur Gladiator on Dec 6, 2018.
             Slain by a bullfrog (5 damage)
             ... on level 2 of the Dungeon.
             The game lasted 00:13:16 (1596 turns).

mimixer the Chopper (Minotaur Gladiator)            Turns: 1596, Time: 00:13:16

Health: 0/30       AC:  3    Str: 19    XL:     3   Next: 75%
Magic:  11/11      EV: 13    Int:  5    God:
Gold:   91         SH:  0    Dex: 11    Spells: 2/2 levels left

rFire    . . .     SeeInvis .   a - +0 war axe
rCold    . . .     Gourm    .   (no shield)
rNeg     . . .     Faith    .   b - +0 leather armour
rPois    .         Spirit   .   c - +0 hat
rElec    .         Reflect  .   (no cloak)
rCorr    .         Harm     .   (no gloves)
MR       .....                  (no boots)
Stlth    ..........             e - amulet of rage
HPRegen  0.10/turn              g - ring of magical power
MPRegen  0.12/turn              k - ring of attention (curse)

@: no status effects
A: retaliatory headbutt, horns 2
a: Evoke Berserk Rage


You were on level 2 of the Dungeon.
You were not hungry.

You visited 1 branch of the dungeon, and saw 2 of its levels.

You collected 91 gold pieces.

Inventory:

Hand Weapons
 a - a +0 war axe (weapon)
 j - a +1 dagger of venom
Missiles
 d - 3 throwing nets (quivered)
 o - 54 stones
Armour
 b - a +0 leather armour (worn)
 c - a +0 hat (worn)
Jewellery
 e - an amulet of rage (around neck)
 g - a ring of magical power (left hand)
 k - a cursed ring of attention (right hand)
Scrolls
 h - 2 scrolls of remove curse {unknown}
 i - 2 scrolls of magic mapping {unknown}
 p - a scroll of amnesia {unknown}
Potions
 l - a potion of agility {unknown}
 m - a potion of lignification {unknown}
Comestibles
 f - 3 rations
 n - a chunk of flesh


   Skills:
 + Level 2.9 Fighting
 + Level 4.5 Axes
 + Level 2.0 Throwing
 + Level 1.2 Armour
 + Level 4.0 Dodging


You had 2 spell levels left.
You didn't know any spells.
Your spell library was empty.

Dungeon Overview and Level Annotations

Branches:
Dungeon (2/15)

Altars:
Nemelex Xobeh


Innate Abilities, Weirdness & Mutations

You reflexively headbutt those who attack you in melee.
You have a pair of horns on your head.


Message History

The bullfrog swells and bulges.
The bullfrog hits you. x2
You hit the bullfrog.
The bullfrog is heavily wounded.
The bullfrog closely misses you. You furiously retaliate!
You headbutt the bullfrog.
The bullfrog hits you but does no damage.
You closely miss the bullfrog.
The bullfrog is severely wounded.
The bullfrog hits you but does no damage.
The bullfrog closely misses you.
You hit the bullfrog. You headbutt the bullfrog.
The bullfrog is almost dead.
The bullfrog hits you.
* * * LOW HITPOINT WARNING * * *
The bullfrog barely misses you.
You closely miss the bullfrog.
The bullfrog is almost dead.
The bullfrog hits you.
You die...

######## #+#.# # ......
.......###...#.####.##.
.............#.##...†..
#......(......##..###.
≈###........†####..# #.
≈ ≈≈≈≈...............#
#. ≈≈
≈≈##.$.#+#.#####.####.
≈≈≈# #..†# #.# #.#....
≈≈≈≈ #(@## #.# #.#.###
#≈≈#F### #.# #.#.#
#.).%# #.. #.#.###
#......F..# #......
#..(......... +......
.w....[........ #......
................
#......
...(............
#......
..........#.....
#......


You could see a bullfrog.

Vanquished Creatures
  An adder (D:2)
  2 worms (D:2)
  A dart slug (D:1)
  A leopard gecko (D:2)
  5 bats
  A giant cockroach (D:1)
  6 goblins
  5 hobgoblins (D:1)
  7 kobolds
  A quokka (D:2)
  2 frilled lizards
  7 rats
39 creatures vanquished.

Notes
Turn   | Place    | Note
-------+----------+-------------------------------------------
     0 | D:1      | mimixer the Minotaur Gladiator began the quest for the Orb.
     0 | D:1      | Reached XP level 1. HP: 18/18 MP: 0/0
   266 | D:1      | Reached XP level 2. HP: 21/25 MP: 1/1
  1062 | D:2      | Reached skill level 1 in Armour
  1078 | D:2      | Reached XP level 3. HP: 30/30 MP: 2/2
  1498 | D:2      | Found a sparkling altar of Nemelex Xobeh.
  1581 | D:2      | Noticed a bullfrog
  1596 | D:2      | Slain by a bullfrog

Skill      XL: |  1  2  3 |
---------------+----------+-----
Axes           | 4 |  4.5
Armour         | 1 |  1.2
Dodging        | 4 |  4.0
Fighting       | |  2.9
Throwing       | |  2.0

Action                   || total
-------------------------++-------
Melee: War axe           ||    91
       Headbutt          ||    17
  Eat: Chunk             ||     2
Armor: Leather armour    ||    23
Dodge: Dodged            ||    65
